 Dungeon Crawl Stone Soup version 0.28.0-43-g3370ac3207 (webtiles) character file.

Game seed: 6710856058421038067

18655 Cykl0x the Geomancer (level 12, -3/75 HPs)
             Began as a Gargoyle Earth Elementalist on Mar 6, 2022.
             Was a Priest of Vehumet.
             Slain by a frost giant
             ... wielding a +1 battleaxe of freezing
              (24 damage)
             ... on level 11 of the Dungeon.
             The game lasted 00:31:50 (17691 turns).

Cykl0x the Geomancer (Gargoyle Earth Elementalist) Turns: 17691, Time: 00:31:50

Health: -3/75      AC: 19    Str: 13    XL:     12   Next: 60%
Magic:  11/25      EV: 10    Int: 20    God:    Vehumet [***...]
Gold:   561        SH: 15    Dex: 10    Spells: 24/29 levels left

rFire   . . .      SeeInvis .   C - +6 long sword
rCold   . . .      Faith    .   K - +2 kite shield
rNeg    + . .      Spirit   .   G - +0 acid dragon scales
rPois   ∞          Reflect  +   (no helmet)
rElec   +          Harm     .   g - +2 cloak {Stlth+}
rCorr   +          Rampage  .   (no gloves)
Will    .....                   (no boots)
Stlth   ++........              J - amulet of reflection
HPRegen 0.22/turn               p - +4 ring of slaying
MPRegen 0.19/turn               O - ring of wizardry

@: no status effects
A: sickness immunity, AC +8, negative energy resistance 1, electricity
resistance, torment resistance 1, petrification resistance
a: Renounce Religion


You were on level 11 of the Dungeon.
You worshipped Vehumet.
Vehumet was most pleased with you.
You visited 2 branches of the dungeon, and saw 12 of its levels.
You also visited: Sewer.

You collected 621 gold pieces.
You spent 60 gold pieces at shops.

Inventory:

Hand Weapons
 i - a +0 short sword
 k - a +1 dagger of speed
 l - a +1 rapier of draining
 o - a +0 double sword
 q - a +1 vorpal long sword
 C - a +6 long sword (weapon)
 D - a +3 scimitar
Missiles
 c - 609 stones
Armour
 b - a +1 robe
 g - a +2 cloak of stealth (worn)
 s - the +0 ring mail of Failure {+Blink Dex+2}
   (You found it on level 3 of the Dungeon)

   Dex:       It affects your dexterity (+2).
   +Blink:    It lets you blink.
 A - +0 swamp dragon scales
 G - +0 acid dragon scales (worn)
 K - a +2 kite shield (worn)
Jewellery
 d - a +6 ring of strength
 p - a +4 ring of slaying (left hand)
 z - a ring of protection from fire
 J - an amulet of reflection (around neck)
 N - a +6 ring of dexterity
 O - a ring of wizardry (right hand)
Wands
 e - a wand of mindburst (14)
 n - a wand of flame (15)
 u - a wand of polymorph (19)
Scrolls
 r - a scroll of teleportation
 w - a scroll of magic mapping
 y - a scroll of amnesia
 E - a scroll of enchant weapon
Potions
 a - 4 potions of mutation
 f - 5 potions of magic
 h - 2 potions of attraction
 j - a potion of ambrosia
 m - 2 potions of flight
 t - 4 potions of haste
 v - 3 potions of curing
 x - 2 potions of invisibility
 B - a potion of brilliance
 H - a potion of cancellation
 I - a potion of resistance
 M - a potion of berserk rage {unknown}
 Q - 2 potions of might {unknown}


   Skills:
 * Level 8.7 Fighting
 + Level 1.1(3.0) Short Blades
 + Level 4.5(4.6) Long Blades
 + Level 6.1 Armour
 + Level 3.6 Dodging
 - Level 2.1 Stealth
 + Level 3.1 Shields
 + Level 9.4 Spellcasting
 + Level 10.6 Conjurations
 - Level 0.7 Transmutations
 + Level 11.2 Earth Magic


You had 24 spell levels left.
You knew the following spells:

 Your Spells              Type           Power      Damage    Failure   Level
a - Sandblast             Erth           100%       2d20      1%          1
b - Stone Arrow           Conj/Erth      100%       3d13      1%          3
c - Magic Dart            Conj           100%       1d8       1%          1

Your spell library contained the following spells:

 Spells                   Type           Power      Damage    Failure   Level
 Dazzling Flash           Conj/Hex       60%        N/A       1%          3
 Passwall                 Tmut/Erth      27%        N/A       1%          2
 Petrify                  Tmut/Erth      33%        N/A       11%         4
 Animate Armour           Summ/Erth      64%        N/A       12%         4
 Olgreb's Toxic Radiance  Pois           9%         N/A       30%         4
 Gell's Gravitas          Tloc           9%         N/A       34%         3
 Portal Projectile        Hex/Tloc       18%        N/A       34%         3
 Teleport Other           Tloc           9%         N/A       34%         3
 Lehudib's Crystal Spear  Conj/Erth      26%        10d7      86%         8
 Blade Hands              Tmut           6%         N/A       92%         5
 Excruciating Wounds      Necr           4%         N/A       96%         5
 Dispersal                Tloc           4%         N/A       100%        6
 Ozocubu's Refrigeration  Ice            4%         4d5       100%        7
 Ignition                 Fire           4%         3d4       100%        8


Dungeon Overview and Level Annotations

Branches:
Dungeon (11/15)            Temple (1/1) D:6            Lair (0/6) D:11
  Sewer (visited)
    Orc: D:9-12

Altars:
Ashenzari
Cheibriados
Dithmenos
Elyvilon
Fedhas
Gozag
Hepliaklqana
Kikubaaqudgha
Makhleb
Nemelex Xobeh
Okawaru
Qazlal
Ru
Sif Muna
Trog
Uskayaw
Vehumet
Wu Jian
Xom
Yredelemnul
Zin
The Shining One

Shops:
D:1 (   D:4 *   D:6 *:

Annotations:
D:9 3 runed translucent doors, Cykl0x's ghost, journeyman GrEE
D:10 3 runed translucent doors, vilexx's ghost, journeyman GrCj


Innate Abilities, Weirdness & Mutations

You are immune to sickness and miasma.
Your stone body is resilient. (AC +8)
You are immune to poison.
You resist negative energy. (rN+)
You are resistant to electric shocks. (rElec)
You are resistant to unholy torment.
You are immune to petrification.


Message History

The frost giant casts a spell at you. The bolt of cold hits you!!
You are too injured to fight recklessly!
You are too injured to fight recklessly!
Unknown command.
You feel much better. The frost giant barely misses you.
The stone arrow hits the frost giant!
The frost giant is moderately wounded.
The frost giant hits you with a +1 battleaxe of freezing!
The frost giant freezes you.
You are too injured to fight recklessly!
You are too injured to fight recklessly!
Unknown command.
Casting: Stone Arrow (safe; 1% risk of failure)
Confirm with . or Enter, or press ? or * to list all spells.
Aiming: Stone Arrow (safe; 1% risk of failure)
Press: ? - help, Shift-Dir - straight line, f/p - frost giant
Aim: a frost giant, wielding a +1 battleaxe of freezing (moderately wounded, 98% to hit)
The stone arrow hits the frost giant!
The frost giant is heavily wounded.
The frost giant hits you with a +1 battleaxe of freezing.
* * * LOW HITPOINT WARNING * * *
The frost giant freezes you.
* * * LOW HITPOINT WARNING * * *
Casting: Stone Arrow (safe; 1% risk of failure)
Confirm with . or Enter, or press ? or * to list all spells.
Aiming: Stone Arrow (safe; 1% risk of failure)
Press: ? - help, Shift-Dir - straight line, f/p - frost giant
Aim: a frost giant, wielding a +1 battleaxe of freezing (heavily wounded, 98% to hit)
The stone arrow hits the frost giant!
The frost giant is heavily wounded.
You block the frost giant's attack.
Casting: Stone Arrow (safe; 1% risk of failure)
Confirm with . or Enter, or press ? or * to list all spells.
Aiming: Stone Arrow (safe; 1% risk of failure)
Press: ? - help, Shift-Dir - straight line, f/p - frost giant
Aim: a frost giant, wielding a +1 battleaxe of freezing (heavily wounded, 98% to hit)
The stone arrow misses the frost giant.
The frost giant hits you with a +1 battleaxe of freezing!!
You die...

).............##.......##........
#########'#########'#########'###
....#.........# #...## ##.....#
###.#.#####.#.# #.###.####.......
# #.#.......# ##.# .##.##...#.#..
###.#.#.###.# #.##C}|##.#..##.##.
....'.#.#... +#.C:8}.##'....#...
###.#.#.#.###.#C##:)}##.#..##.##.
# #.#.#.......##@##.##.##...# #..
###.#.#÷#########.###.####.......
....#.........# ##...## #.....#
#########'#########'#########+###
....# #.....##..................
....# ##...#..#..########.#.##.#.
.#..###...###.#.. ... ...>......
##..#......#..#.# #.# #######.##
.#..+.........+.# #.# #.##


You could see a frost giant.

Vanquished Creatures
  A sphinx (D:11)
  A fire dragon (D:11)
  A hydra (D:10)
  A boulder beetle (D:11)
  3 two-headed ogres
  Nergalle (D:10)
  A cyclops (D:11)
  3 centaur zombies (D:10)
  A gargoyle (D:11)
  Maggie (D:6)
  2 kobold demonologists (D:11)
  A komodo dragon (D:11)
  A troll (D:11)
  3 hornets
  Grinder (D:6)
  A shadow (D:10)
  A wraith (D:11)
  2 wyverns
  17 yaks
  The ghost of daodarkstar the Skirmisher, an amateur DsFi (D:3)
  8 vampire mosquitoes
  Edmund (D:5)
  2 acid dragons (D:11)
  A water moccasin (D:7)
  5 orc warriors
  2 sky beasts
  2 ice beasts (D:7)
  3 black bears
  2 ogres
  2 phantoms (D:5)
  5 centaurs
  9 kobold brigands
  2 bullfrogs
  A gnoll sergeant (D:9)
  7 scorpions
  16 killer bees
  7 wights (D:8)
  A bullfrog zombie (D:5)
  3 hounds
  11 orc priests
  A gnoll shaman (D:8)
  5 iguanas
  Ijyb (D:4)
  10 orc wizards
  A howler monkey zombie (D:8)
  2 howler monkey skeletons
  10 adders
  5 gnolls (D:9)
  2 river rats (Sewer)
  A shadow imp (D:6)
  A white imp (D:8)
  3 ufetubi
  7 worms
  5 dart slugs
  27 orcs
  3 bats
  8 endoplasms
  5 hobgoblins
  3 jackals (D:4)
  26 kobolds
  A quokka (D:1)
  6 ball pythons
  11 goblins
  11 rats
289 creatures vanquished.

Vanquished Creatures (others)
  An angel (D:7)
  10 fungi (D:11)
  20 plants
31 creatures vanquished.

Grand Total: 320 creatures vanquished

Notes
Turn   | Place    | Note
-------+----------+-------------------------------------------
     0 | D:1      | Cykl0x the Gargoyle Earth Elementalist began the quest for
                  | the Orb.
     0 | D:1      | Reached XP level 1. HP: 10/10 MP: 3/3
   112 | D:1      | Found Ucafa Ung's Weapon Shoppe.
   381 | D:1      | Reached skill level 4 in Earth Magic
   381 | D:1      | Reached XP level 2. HP: 15/15 MP: 3/5
   603 | D:1      | Found a faded altar of an unknown god.
   974 | D:2      | Reached skill level 1 in Conjurations
  1551 | D:3      | Reached XP level 3. HP: 19/19 MP: 0/6
  1561 | D:3      | Learned a level 3 spell: Stone Arrow
  1664 | D:3      | Reached XP level 4. HP: 24/24 MP: 6/8
  1811 | D:3      | Found a runed translucent door.
  1896 | D:3      | Noticed daodarkstar's ghost (amateur DsFi)
  2066 | D:3      | Identified the +0 ring mail of Failure {+Blink Dex+2}
  2069 | D:3      | Found an ancient bone altar of Kikubaaqudgha.
  2079 | D:3      | Found a sacrificial altar of Ru.
  2265 | D:3      | Reached XP level 5. HP: 28/28 MP: 3/10
  2498 | D:3      | Killed daodarkstar's ghost
  2499 | D:3      | Reached skill level 1 in Short Blades
  2499 | D:3      | Reached skill level 5 in Earth Magic
  2499 | D:3      | Reached XP level 6. HP: 27/32 MP: 7/11
  2671 | D:4      | Found Himnu's Mass Market.
  2710 | D:4      | Found a glowing drain.
  2718 | Sewer    | Entered a sewer
  3150 | Sewer    | Reached skill level 6 in Earth Magic
  3150 | Sewer    | Reached XP level 7. HP: 37/37 MP: 9/13
  4251 | Sewer    | Reached skill level 5 in Spellcasting
  4463 | D:4      | Reached XP level 8. HP: 42/42 MP: 2/15
  4751 | D:4      | Found an iron altar of Okawaru.
  4852 | D:4      | Reached skill level 7 in Earth Magic
  5056 | D:4      | Reached skill level 5 in Conjurations
  5645 | D:4      | Noticed Ijyb
  5649 | D:4      | Killed Ijyb
  5891 | D:5      | Entered Level 5 of the Dungeon
  5928 | D:5      | Reached skill level 1 in Fighting
  5928 | D:5      | Reached skill level 1 in Armour
  6837 | D:5      | Found a sparkling altar of Nemelex Xobeh.
  6844 | D:5      | Found a basalt altar of Yredelemnul.
  6993 | D:5      | Reached XP level 9. HP: 48/48 MP: 14/18
  7180 | D:6      | Noticed Edmund
  7180 | D:6      | Noticed Maggie
  7186 | D:5      | Killed Edmund
  7260 | D:6      | Noticed Grinder
  7264 | D:6      | Killed Grinder
  7265 | D:6      | Reached skill level 1 in Long Blades
  7533 | D:6      | Found Doyk's Book Shop.
  7653 | D:6      | Found a staircase to the Ecumenical Temple.
  7668 | Temple   | Entered the Ecumenical Temple
  7993 | D:6      | Found Soesk's Assorted Antiques.
  8019 | D:6      | Bought a potion of curing for 60 gold pieces
  8179 | D:6      | Killed Maggie
  8180 | D:6      | Reached skill level 8 in Earth Magic
  8744 | D:7      | Found a radiant altar of Vehumet.
  8756 | D:7      | Became a worshipper of Vehumet
  8773 | D:7      | Found a glowing silver altar of Zin.
  8775 | D:7      | Noticed an angel
  8816 | D:7      | Found a shimmering altar of Xom.
  8823 | D:7      | Reached XP level 10. HP: 44/57 MP: 6/20
  8823 | D:7      | Killed an angel
  9894 | D:8      | Reached skill level 5 in Fighting
 10177 | D:8      | Reached * piety under Vehumet
 10177 | D:8      | Offered knowledge of Magic Dart by Vehumet.
 10180 | D:8      | Learned a level 1 spell: Magic Dart
 10524 | D:8      | Reached skill level 5 in Armour
 10676 | D:8      | Found a shimmering blue altar of Sif Muna.
 10718 | D:8      | Reached skill level 9 in Earth Magic
 11051 | D:8      | Found a shadowy altar of Dithmenos.
 11352 | D:9      | Found a hazy altar of Hepliaklqana.
 11588 | D:9      | Noticed a two-headed ogre
 11593 | D:9      | Killed a two-headed ogre
 11593 | D:9      | Offered knowledge of Poisonous Vapours by Vehumet.
 11594 | D:9      | Reached XP level 11. HP: 64/64 MP: 13/22
 11697 | D:9      | Found a runed translucent gate.
 11718 | D:9      | Reached ** piety under Vehumet
 11836 | D:9      | Noticed a two-headed ogre
 11842 | D:9      | Killed a two-headed ogre
 12272 | D:9      | Found a runed translucent gate.
 12273 | D:9      | Found a runed translucent gate.
 12274 | D:9      | Noticed Cykl0x's ghost (journeyman GrEE)
 12274 | D:9      | Noticed a ten-headed hydra
 13227 | D:9      | Found a hazy altar of Hepliaklqana.
 13753 | D:10     | Entered Level 10 of the Dungeon
 13944 | D:10     | Reached skill level 10 in Earth Magic
 14065 | D:10     | Reached skill level 1 in Shields
 14200 | D:10     | Found a burning altar of Makhleb.
 14354 | D:10     | Found a runed translucent gate.
 14356 | D:10     | Found a runed translucent gate.
 14429 | D:10     | Noticed Nergalle
 14435 | D:10     | Killed Nergalle
 14596 | D:10     | Noticed a six-headed hydra
 14604 | D:10     | Killed a six-headed hydra
 14762 | D:10     | Found a glowing golden altar of the Shining One.
 14881 | D:10     | Found a runed translucent gate.
 14948 | D:10     | Noticed vilexx's ghost (journeyman GrCj)
 15743 | D:11     | Offered knowledge of Dazzling Flash by Vehumet.
 15750 | D:11     | Reached XP level 12. HP: 61/72 MP: 2/24
 16043 | D:11     | Noticed a boulder beetle
 16051 | D:11     | Reached skill level 10 in Conjurations
 16179 | D:11     | Killed a boulder beetle
 16584 | D:11     | Noticed a sphinx
 16586 | D:11     | Paralysed by a sphinx for 5 turns
 16597 | D:11     | Killed a sphinx
 17059 | D:11     | Reached skill level 11 in Earth Magic
 17172 | D:11     | Noticed a two-headed ogre
 17177 | D:11     | Killed a two-headed ogre
 17240 | D:11     | Found a staircase to the Lair.
 17341 | D:11     | Noticed a fire dragon
 17362 | D:11     | Reached *** piety under Vehumet
 17429 | D:11     | Killed a fire dragon
 17672 | D:11     | Noticed a frost giant
 17680 | D:11     | Noticed an ettin
 17691 | D:11     | Slain by a frost giant

Illustrated notes

Levels and vault maps discovered:
D:1:      elethiomel_arrival_quiet, layout_loops_cross,
          shapermc_ecumenical_altar_mp_vishouse, serial_shops, shop
D:2:      layout_loops_corners
D:3:      layout_rooms, mainiacjoe_overflow_swirl, ebering_ghost_sewer_d
D:4:      kennysheep_goblin_castle, layout_basic, lemuel_doored_altar,
          lightli_sewer_entry_pipes, minmay_shop_mass
D:5:      layout_rooms, minitemple, minmay_between
D:6:      layout_rooms, minmay_temple_entry_proselytizer, serial_shops,
          nicolae_square_shop, nicolae_shop_advertising_works
          [nicolae_subvault_shop_adworks], minmay_misc_feat_encased,
          lemuel_another_geyser, uniq_edmund, uniq_grinder, uniq_maggie
D:7:      layout_gridville, grunt_temple_overflow_order_and_chaos_1,
          vehumet_crystals
D:8:      layout_basic, nicolae_dithmenos_through_a_glass_darkly,
          marbit_many_paths, ebering_dispersal_statue_hall
D:9:      layout_gridville, kennysheep_little_box, gammafunk_ghost_hydra_chop,
          hangedman_decor_opposing
D:10:     layout_basic, bloody_makhleb, nicolae_tso_swordbearing_angel,
          gammafunk_ghost_spectres, grunt_decor_cap, hive_lemuel, uniq_nergalle
D:11:     minmay_the_grid_net [minmay_the_grid_dragon_b, minmay_the_grid_eight,
          minmay_the_grid_minigrid_large, minmay_the_grid_plusring,
          minmay_the_grid_holed_spiral, minmay_the_grid_prize_diamond_cup],
          layout_loops_ring, grunt_lair_entry_orc_guard_hut,
          minmay_sticks_and_stones
Temple:   jpeg_temple_island

Skill      XL: |  1  2  3  4  5  6  7  8  9 10 11 12 |
---------------+-------------------------------------+-----
Earth Magic    | 4 5 6 7 8 9 10 11 | 11.2
Conjurations   | 1 2 3 4 6 7 8 9 10 | 10.6
Spellcasting   | 3 4 5 6 7 8 9 |  9.4
Short Blades   | 1 |  1.1
Fighting       | 2 4 6 7 8 |  8.7
Armour         | 2 4 5 6 |  6.1
Dodging        | 2 3 |  3.6
Long Blades    | 2 3 4 |  4.5
Shields        | 2 3 |  3.1
Stealth        | |  2.1
Transmutations | |  0.7

Action                   |  1- 3 |  4- 6 |  7- 9 | 10-12 || total
-------------------------+-------+-------+-------+-------++-------
Melee: Rapier            |     8 |    13 |       |     7 ||    28
       Short sword       |     1 |       |       |       ||     1
       Long sword        |       |     3 |    41 |   111 ||   155
       Punch             |       |     1 |       |     1 ||     2
       Double sword      |       |       |    14 |    32 ||    46
Throw: Stone             |       |       |     1 |       ||     1
 Cast: Sandblast         |    31 |    26 |    10 |    30 ||    97
       Stone Arrow       |       |    23 |   143 |   237 ||   403
       Magic Dart        |       |       |       |    35 ||    35
  Use: Scroll            |     5 |     3 |    12 |     6 ||    26
       Potion            |       |     1 |       |     2 ||     3
 Stab: Sleeping          |       |       |       |     1 ||     1
Armor: Robe              |     2 |    15 |     5 |       ||    22
       Ring mail         |       |       |    57 |       ||    57
       Skin              |       |       |     2 |       ||     2
       Swamp dragon scal |       |       |    12 |   139 ||   151
       Acid dragon scale |       |       |       |    13 ||    13
Dodge: Dodged            |    10 |    21 |    59 |   131 ||   221
Block: Kite shield       |       |       |       |   106 ||   106
       Reflection        |       |       |       |     4 ||     4
